Map: Lost and Found LE

Players

Nimiauredhel

  • Race: Zerg Zerg
  • Spawn Location: 1:00

zzzakezzz - Winner!

  • Race: Terran Terran
  • League: Silver
  • Spawn Location: 7:00

VOD

Have the link to the VOD?

Description

Time

  • Played on: June 25, 2018, 8:54 a.m.
  • Length: 21:16
Show
View Real Time Build Order
Export as new Build Order

Nimiauredhel Zerg 

Build Orders: Pool First 

Get SALT Encoding   

  12  0:03  Drone  
  13  0:24  Overlord x2  
  13  0:26  Drone  
  14  0:46  Spawning Pool  
  14  0:48  Drone  
  14  0:58  Extractor  
  13  1:06  Drone  
  13  1:07  Drone  
  15  1:20  Drone  
  16  1:41  Queen  
  16  1:42  Spine Crawler  
  16  1:44  Zergling x6  
  20  2:15  Zergling x4  
  22  2:17  Queen  
  22  2:19  Hatchery, Zergling x2  
  24  2:52  Queen  
  26  3:12  Zergling x6  
  29  3:29  Queen, Spore Crawler  
  30  3:36  Drone  
  31  3:58  Drone x2  
  33  4:05  Queen  
  33  4:06  Zergling x2  
  33  4:09  Overlord x3  
  36  4:27  Zergling x2  
  36  4:28  Zergling x2  
  38  4:38  Queen  
  38  4:39  Drone x2  
  38  4:40  Queen, Drone  
  45  4:53  Zergling x2  
  46  5:06  Spine Crawler  
  45  5:22  Spore Crawler  
  44  5:53  Burrow  
  44  5:54  Drone x2  
  44  5:55  Zergling x2  
  47  5:58  Metabolic Boost  
  47  6:23  Lair  
  47  6:26  Zergling x6  
  47  6:27  Zergling x12  
  47  6:32  Zergling x6  
  59  6:41  Zergling x2  
  60  6:56  Overlord x2  
  60  7:14  Queen  
  62  7:22  Zergling x12  
  68  7:26  Zergling x2  
  69  7:49  Queen  
  38  8:21  Zergling x6  
  38  8:25  Queen  
  43  8:29  Spine Crawler  
  43  8:32  Zergling x2  
  43  8:33  Zergling x16  
  51  8:50  Spine Crawler  
  50  8:59  Spore Crawler  
  50  9:01  Queen  
  51  9:31  Zergling x6  
  54  9:34  Zergling x6  
  54  9:35  Hatchery  
  54  9:36  Queen  
  58  10:12  Queen  
  60  10:18  Drone x3  
  63  10:48  Hatchery, Queen  
  64  10:57  Hatchery  
  63  11:20  Drone x3  
  66  11:52  Drone x2  
  66  11:53  Queen  
  70  12:07  Spine Crawler  
  69  12:12  Spine Crawler, Drone x2  
  69  12:15  Drone x2  
  72  12:19  Drone  
  73  12:29  Queen  
  75  12:40  Zergling x4  
  75  12:41  Zergling x2  
  78  12:54  Zergling x6  
  81  13:01  Zergling x2  
  81  13:04  Queen  
  84  13:14  Queen  
  84  13:18  Drone x3  
  89  13:26  Spine Crawler  
  88  13:32  Spine Crawler  
  88  13:33  Drone  
  88  13:46  Drone x3  
  88  13:47  Spine Crawler  
  90  14:03  Drone x3  
  93  14:17  Zergling x2  
  93  14:22  Overlord x3  
  94  14:27  Overlord x2  
  81  15:02  Zergling x6  
  81  15:03  Zergling x12  
  71  15:08  Zergling x6  
  60  15:19  Zergling x2  
  49  15:40  Zergling x4  
  49  15:48  Zergling x6  
  51  16:03  Zergling x6  
  42  16:06  Zergling x6  
  42  16:07  Zergling x2  
  42  16:10  Zergling x6  
  34  16:44  Zergling x4  
  37  16:53  Zergling x6  
  33  17:05  Spine Crawler  
  33  17:07  Extractor  
  31  17:20  Queen  
  31  17:32  Zergling x6  
  34  18:05  Spawning Pool  
  31  18:26  Drone x3  
  25  18:59  Zergling x6  
  25  19:00  Hatchery, Zergling x4  
  25  19:01  Queen  
  30  19:33  Zergling x4  
  30  19:34  Zergling x2  
  30  19:37  Queen  
  24  20:12  Queen  
Show
View Real Time Build Order
Export as new Build Order

zzzakezzz Terran - Winner!

Build Orders: Reaper Expand 

Get SALT Encoding   

  12  0:05  SCV  
  13  0:18  SCV  
  13  0:19  Supply Depot  
  14  0:28  Refinery  
  14  0:43  Barracks  
  14  0:49  Supply Depot  
  14  0:51  SCV  
  15  1:04  SCV  
  16  1:16  SCV  
  17  1:31  Reaper  
  18  1:38  SCV  
  19  1:50  Command Center  
  19  1:54  SCV  
  20  2:03  Refinery  
  20  2:06  SCV  
  22  2:12  Barracks Reactor  
  21  2:20  SCV  
  22  2:33  Factory, SCV  
  23  3:04  Marine x2  
  25  3:21  Engineering Bay  
  25  3:22  Supply Depot, SCV  
  25  3:26  Supply Depot x2  
  26  3:27  Supply Depot, Factory Tech Lab  
  26  3:29  Supply Depot  
  26  3:34  SCV  
  27  3:41  Barracks  
  27  3:44  SCV  
  27  3:47  Marine  
  29  3:59  Orbital Command  
  29  4:03  Marine  
  29  4:07  SCV  
  31  4:16  Siege Tank  
  34  4:28  Starport  
  34  4:30  SCV  
  35  4:36  SCV  
  36  4:39  Marine  
  36  4:41  Marine  
  36  4:43  SCV  
  39  4:48  SCV  
  40  4:55  SCV  
  40  4:57  Barracks Tech Lab  
  41  5:00  Marine, SCV  
  41  5:05  Siege Tank  
  46  5:08  SCV  
  46  5:10  Barracks  
  47  5:15  Marine  
  47  5:16  Marine  
  47  5:18  Marine  
  47  5:20  SCV x2  
  52  5:27  Terran Infantry Weapons Level 1  
  52  5:32  SCV x2  
  52  5:33  Marine  
  52  5:34  Starport Reactor, Armory  
  55  5:38  Marine  
  55  5:39  Marine  
  57  5:47  SCV x2  
  59  5:50  Marine  
  59  5:53  Liberator  
  59  5:55  Liberator  
  59  5:56  Marine  
  59  5:57  Refinery, Marine x2  
  61  5:59  SCV x2  
  65  6:08  Starport  
  68  6:17  Barracks Reactor  
  71  6:21  Refinery  
  71  6:30  SCV x2  
  73  6:35  Siege Tank  
  76  6:42  SCV x2  
  76  6:44  Armory  
  78  6:48  Marine x3  
  81  6:54  SCV  
  81  6:57  SCV  
  83  7:06  Marine x3  
  83  7:07  Starport Tech Lab  
  86  7:10  Terran Ship Weapons Level 1  
  86  7:15  Supply Depot  
  86  7:18  SCV  
  87  7:24  Supply Depot  
  87  7:25  Supply Depot  
  87  7:26  Supply Depot x2  
  87  7:28  Supply Depot  
  87  7:40  Marine x4  
  87  7:41  Marine  
  87  7:43  Command Center  
  92  7:46  Medivac  
  94  7:53  Orbital Command  
  94  7:58  Marine x2  
  96  8:04  Refinery  
  96  8:08  Thor  
  96  8:10  Refinery  
  102  8:13  Fusion Core  
  100  8:34  Medivac x2  
  100  8:37  Marine x5  
  109  8:54  Marine  
  109  8:55  Marine x4  
  112  8:59  Raven  
  116  9:07  Smart Servos  
  116  9:09  Concussive Shells  
  116  9:12  Marine x2  
  116  9:13  Marine x2  
  120  9:29  SCV  
  120  9:31  SCV x2  
  123  9:37  Marauder  
  125  9:38  Marine  
  125  9:41  SCV  
  125  9:42  Raven  
  125  9:43  SCV x2  
  131  9:53  Stimpack, SCV  
  131  9:55  SCV x2  
  134  10:06  SCV  
  135  10:07  SCV x2  
  135  10:11  Thor  
  143  10:18  SCV  
  143  10:19  SCV x2  
  143  10:21  Terran Vehicle And Ship Armor Level 1  
  146  10:25  Drilling Claws, Battlecruiser  
  152  10:30  Terran Ship Weapons Level 2  
  152  10:45  Terran Infantry Weapons Level 2  
  152  10:56  Supply Depot  
  152  10:57  Supply Depot  
  152  10:59  Supply Depot  
  152  11:00  Supply Depot  
  152  11:01  Supply Depot  
  152  11:10  Marine x5  
  157  11:17  Medivac x2  
  157  11:18  Command Center  
  161  11:19  Supply Depot  
  161  11:21  Supply Depot  
  161  11:24  Thor  
  167  11:27  Marine  
  167  11:28  Marine x4  
  167  11:29  Battlecruiser  
  178  11:45  Marine x2  
  178  11:46  Marine x2  
  182  11:47  Medivac x2  
  182  11:53  Combat Shields  
  186  12:03  Liberator x2  
  186  12:15  Terran Vehicle Weapons Level 1  
  186  12:17  Barracks  
  186  12:18  Barracks  
  186  12:20  Barracks  
  192  12:25  Factory  
  192  12:26  Starport, Factory  
  192  12:27  Factory  
  192  12:33  Refinery  
  192  12:34  Liberator  
  192  12:46  Terran Vehicle And Ship Armor Level 2  
  195  13:00  Refinery  
  195  13:02  Terran Infantry Armor Level 1  
  195  13:05  Starport  
  195  13:06  Starport Tech Lab  
  195  13:08  Barracks Reactor  
  195  13:09  Barracks Reactor x2  
  195  13:13  Factory Tech Lab x2  
  195  13:17  Liberator  
  195  13:23  Factory Tech Lab  
  198  14:27  Marauder  
  182  16:28  Marauder, Marine  
  182  16:29  Marine x5  
  182  16:30  Marine x4  
  194  16:46  Marine x2  
  194  16:47  Marine x4  
Tags
 
Add a new tag
Caveats
  • Supply blocks, unpowered buildings, or Contaminate may cause inaccurate times.
  • Supply counts are checked every 10 seconds.